MLB
BALTIMORE ORIOLES @ BOSTON RED SOX
04/14/2018
 
TOP OF THE 1ST
Baltimore Orioles batting - Pitching for Boston Red Sox : LHP Marco Gonzales
Pitching: LHP Marco Gonzales
Batting: LHB Curtis Granderson 0-0: Ball
1-0: Swinging Strike
1-1: Foul Ball, location: 2F
1-2: Foul Ball, location: 2F
1-2: Ball
2-2: Foul Ball, location: 2F
2-2: Strikes out swinging
Batting: RHB Albert Almora 0-0: Called Strike
0-1: Ball
1-1: Ball
2-1: TRIPLE (Line Drive, 8RXD)
Batting: LHB Rafael Devers 0-0: Called Strike
0-1: Ground out 4-3 (Groundball, 4)
Albert Almora scores
Batting: RHB Jose Abreu 0-0: Called Strike
0-1: Ball
1-1: Swinging Strike
1-2: Strikes out swinging
Top of the 1st over - 1 run, 1 hit, 0 errors, 0 left on base; Baltimore 1 - Boston 0
BOTTOM OF THE 1ST
Boston Red Sox batting - Pitching for Baltimore Orioles : RHP Carson Fulmer
Pitching: RHP Carson Fulmer
Batting: LHB J.P. Crawford 0-0: Foul Ball, location: 2F
0-1: Swinging Strike
0-2: Strikes out looking
Batting: LHB Matt Adams 0-0: Ball
1-0: Called Strike
1-1: Foul Ball, location: 2F
1-2: Ball
2-2: Foul Ball, location: 2F
2-2: Ball
3-2: Strikes out swinging
Batting: RHB Yasiel Puig 0-0: Ball
1-0: Ball
2-0: Ground out 1-3 (Groundball, 13)
Bottom of the 1st over - 0 runs, 0 hits, 0 errors, 0 left on base; Baltimore 1 - Boston 0
TOP OF THE 2ND
Baltimore Orioles batting - Pitching for Boston Red Sox : LHP Marco Gonzales
Batting: LHB Nomar Mazara 0-0: SINGLE (Line Drive, 9LS)
Batting: SHB Chase Headley 0-0: Called Strike
0-1: Ball
1-1: Ball
2-1: Called Strike
2-2: Fly out, F8 (Flyball, 8LS)
Batting: RHB Austin Barnes 0-0: Ball
1-0: Foul Ball, location: 2F
1-1: Swinging Strike
1-2: SINGLE (Groundball, 6MD)
Nomar Mazara to second
Batting: RHB Orlando Arcia 0-0: Called Strike
0-1: Swinging Strike
0-2: Ball
1-2: Strikes out swinging
Batting: SHB Jose Reyes 0-0: Ball
1-0: Called Strike
1-1: Ball
2-1: Fly out, F7 (Flyball, 7D)
Top of the 2nd over - 0 runs, 2 hits, 0 errors, 2 left on base; Baltimore 1 - Boston 0
BOTTOM OF THE 2ND
Boston Red Sox batting - Pitching for Baltimore Orioles : RHP Carson Fulmer
Batting: RHB Yoenis Cespedes 0-0: Called Strike
0-1: Ball
1-1: Ground out 6-3 (Groundball, 6)
Batting: SHB Yangervis Solarte 0-0: Called Strike
0-1: Fly out, F8 (Line Drive, 8RD)
Batting: LHB Derek Dietrich 0-0: Ball
1-0: Ball
2-0: Called Strike
2-1: Called Strike
2-2: Single, Error in OF, E8, batter to second base
Batting: RHB Travis d'Arnaud 0-0: Ball
1-0: Fly out, F7 (Flyball, 7LM)
Bottom of the 2nd over - 0 runs, 1 hit, 1 error, 1 left on base; Baltimore 1 - Boston 0
TOP OF THE 3RD
Baltimore Orioles batting - Pitching for Boston Red Sox : LHP Marco Gonzales
Batting: LHB Curtis Granderson 0-0: Foul Ball, location: 2F
0-1: Foul Ball, location: 2F
0-2: Ball
1-2: Fly out, F8 (Flyball, 89S)
Batting: RHB Albert Almora 0-0: Ground out 4-3 (Groundball, 4)
Batting: LHB Rafael Devers 0-0: Foul Ball, location: 2F
0-1: Foul Ball, location: 2F
0-2: Ball
1-2: Strikes out swinging
Top of the 3rd over - 0 runs, 0 hits, 0 errors, 0 left on base; Baltimore 1 - Boston 0
BOTTOM OF THE 3RD
Boston Red Sox batting - Pitching for Baltimore Orioles : RHP Carson Fulmer
Batting: LHB Jackie Bradley Jr. 0-0: Called Strike
0-1: Ball
1-1: Called Strike
1-2: Ball
2-2: Strikes out swinging, 2-3 out at first.
Batting: RHB Eduardo Nunez 0-0: SINGLE (Groundball, 6MD)
Batting: LHB J.P. Crawford 0-0: Called Strike
0-1: Ball
1-1: Ball
2-1: Foul Ball, location: 2F
2-2: Fielders Choice at 2nd, 3-6 (Groundball, 3)
Batting: LHB Matt Adams 0-0: Ball
1-0: SINGLE (Line Drive, 4MD)
J.P. Crawford to second
Batting: RHB Yasiel Puig 0-0: Foul Ball, location: 2F
0-1: Foul Ball, location: 2F
0-2: Ball
1-2: Foul Ball, location: 2F
1-2: Foul Ball, location: 2F
1-2: Fly out, F9 (Flyball, 9LMF)
Bottom of the 3rd over - 0 runs, 2 hits, 0 errors, 2 left on base; Baltimore 1 - Boston 0
TOP OF THE 4TH
Baltimore Orioles batting - Pitching for Boston Red Sox : LHP Marco Gonzales
Batting: RHB Jose Abreu 0-0: DOUBLE (Line Drive, 78XD)
Batting: LHB Nomar Mazara 0-0: Fly out, F7 (Flyball, 7LM)
Batting: SHB Chase Headley 0-0: Called Strike
0-1: Ball
1-1: Foul Ball, location: 2F
1-2: Ball
2-2: Strikes out swinging
Batting: RHB Austin Barnes 0-0: Fly out, F9 (Line Drive, 9LM)
Top of the 4th over - 0 runs, 1 hit, 0 errors, 1 left on base; Baltimore 1 - Boston 0
BOTTOM OF THE 4TH
Boston Red Sox batting - Pitching for Baltimore Orioles : RHP Carson Fulmer
Batting: RHB Yoenis Cespedes 0-0: Fly out, F3 (Popup, 3L)
Batting: SHB Yangervis Solarte 0-0: DOUBLE (Line Drive, 7LM)
Batting: LHB Derek Dietrich 0-0: Ball
1-0: Called Strike
1-1: Fly out, F7 (Flyball, 78D)
Batting: RHB Travis d'Arnaud 0-0: Called Strike
0-1: Ball
1-1: Ball
2-1: Foul Ball, location: 2F
2-2: Ball
3-2: Base on Balls
Batting: LHB Jackie Bradley Jr. 0-0: Ball
1-0: Ball
2-0: Called Strike
2-1: Ball
3-1: Base on Balls
Yangervis Solarte to third
Travis d'Arnaud to second
Batting: RHB Eduardo Nunez 0-0: Called Strike
0-1: Called Strike
0-2: Fly out, F5 (Line Drive, 5)
Bottom of the 4th over - 0 runs, 1 hit, 0 errors, 3 left on base; Baltimore 1 - Boston 0
TOP OF THE 5TH
Baltimore Orioles batting - Pitching for Boston Red Sox : LHP Marco Gonzales
Batting: RHB Orlando Arcia 0-0: Swinging Strike
0-1: Ball
1-1: Ball
2-1: Ball
3-1: Foul Ball, location: 2F
3-2: Foul Ball, location: 2F
3-2: Foul Ball, location: 2F
3-2: DOUBLE (Line Drive, 5D)
Batting: SHB Jose Reyes 0-0: Ball
1-0: Ground out 4-3 (Groundball, 34)
Orlando Arcia to third
Batting: LHB Curtis Granderson 0-0: Foul Ball, location: 2F
0-1: Ball
1-1: Ground out 4-3 (Groundball, 4S)
Batting: RHB Albert Almora 0-0: Called Strike
0-1: Ground out 4-3 (Groundball, 4)
Top of the 5th over - 0 runs, 1 hit, 0 errors, 1 left on base; Baltimore 1 - Boston 0
BOTTOM OF THE 5TH
Boston Red Sox batting - Pitching for Baltimore Orioles : RHP Carson Fulmer
Batting: LHB J.P. Crawford 0-0: Ball
1-0: Foul Ball, location: 2F
1-1: Foul Ball, location: 2F
1-2: Foul Ball, location: 2F
1-2: Ball
2-2: Ball
3-2: Strikes out looking
Batting: LHB Matt Adams 0-0: Ball
1-0: SOLO HOME RUN (Line Drive, 9LD), Distance : 355 ft
Batting: RHB Yasiel Puig 0-0: Ball
1-0: Ball
2-0: Foul Ball, location: 2F
2-1: Swinging Strike
2-2: Ball
3-2: SINGLE (Groundball, 6D)
Batting: RHB Yoenis Cespedes 0-0: Foul Ball, location: 2F
0-1: Called Strike
0-2: Ball
1-2: Ball
2-2: DOUBLE (Line Drive, 9LS)
Yasiel Puig to third
Runner from 3rd tries for Home, SAFE, throw made home
Pitching: LHP Adalberto Mejia
Batting: SHB Yangervis Solarte 0-0: Ball
1-0: Called Strike
1-1: Fly out, F3 (Popup, 34)
Batting: LHB Derek Dietrich 0-0: Called Strike
0-1: Foul Ball, location: 2F
0-2: Ball
1-2: Foul Ball, location: 2F
1-2: Ball
2-2: Ball
3-2: Strikes out looking
Bottom of the 5th over - 2 runs, 3 hits, 0 errors, 1 left on base; Baltimore 1 - Boston 2
TOP OF THE 6TH
Baltimore Orioles batting - Pitching for Boston Red Sox : LHP Marco Gonzales
Batting: LHB Rafael Devers 0-0: Ball
1-0: Ball
2-0: Ball
3-0: Fly out, F8 (Flyball, 8LS)
Batting: RHB Jose Abreu 0-0: Ball
1-0: Called Strike
1-1: Ground out 6-3 (Groundball, 56)
Batting: LHB Nomar Mazara 0-0: Fly out, F9 (Flyball, 9S)
Top of the 6th over - 0 runs, 0 hits, 0 errors, 0 left on base; Baltimore 1 - Boston 2
BOTTOM OF THE 6TH
Boston Red Sox batting - Pitching for Baltimore Orioles : LHP Adalberto Mejia
Batting: RHB Travis d'Arnaud 0-0: Swinging Strike
0-1: Swinging Strike
0-2: Fly out, F6 (Popup, 6S)
Batting: LHB Jackie Bradley Jr. 0-0: Ball
1-0: Ground out 5-3 (Groundball, 56)
Batting: RHB Eduardo Nunez 0-0: Foul Ball, location: 2F
0-1: Swinging Strike
0-2: Fly out, F9 (Flyball, 9)
Bottom of the 6th over - 0 runs, 0 hits, 0 errors, 0 left on base; Baltimore 1 - Boston 2
TOP OF THE 7TH
Baltimore Orioles batting - Pitching for Boston Red Sox : LHP Marco Gonzales
Batting: SHB Chase Headley 0-0: Called Strike
0-1: Swinging Strike
0-2: Strikes out swinging
Batting: RHB Austin Barnes 0-0: Called Strike
0-1: Foul Ball, location: 2F
0-2: Foul Ball, location: 2F
0-2: Fly out, F4 (Popup, 4D)
Batting: RHB Orlando Arcia 0-0: Ball
1-0: Ball
2-0: Ball
3-0: Called Strike
3-1: Foul Ball, location: 2F
3-2: SINGLE (Line Drive, 34)
Batting: SHB Jose Reyes 0-0: Foul Ball, location: 2F
0-1: SINGLE (Groundball, 6MD)
Orlando Arcia to second
Pinch Hitting: SHB Dexter Fowler 0-0: Ball
1-0: SINGLE (Groundball, 34D)
Orlando Arcia to third
Jose Reyes to second
Runner from 3rd tries for Home, SAFE, throw made home
Batting: RHB Albert Almora 0-0: Called Strike
0-1: Ball
1-1: Ball
2-1: Fly out, F8 (Flyball, 8LM)
Top of the 7th over - 1 run, 3 hits, 0 errors, 2 left on base; Baltimore 2 - Boston 2
BOTTOM OF THE 7TH
Boston Red Sox batting - Pitching for Baltimore Orioles : LHP Adalberto Mejia
Now in RF: Dexter Fowler
Pinch Hitting: RHB Cesar Puello 0-0: Ball
1-0: Ball
2-0: Called Strike
2-1: Ground out 4-3 (Groundball, 4M)
Batting: LHB Matt Adams 0-0: Ball
1-0: Swinging Strike
1-1: Foul Ball, location: 2F
1-2: Ball
2-2: Foul Ball, location: 2F
2-2: Strikes out swinging
Batting: RHB Yasiel Puig 0-0: Called Strike
0-1: Called Strike
0-2: Ball
1-2: Ball
2-2: Ground out 5-3 (Groundball, 56)
Bottom of the 7th over - 0 runs, 0 hits, 0 errors, 0 left on base; Baltimore 2 - Boston 2
TOP OF THE 8TH
Baltimore Orioles batting - Pitching for Boston Red Sox : LHP Marco Gonzales
Pitching: RHP Liam Hendriks
Now at SS: Daniel Descalso
Batting: LHB Rafael Devers 0-0: Ball
1-0: Called Strike
1-1: Ball
2-1: Swinging Strike
2-2: Strikes out looking
Batting: RHB Jose Abreu 0-0: Fly out, F8 (Line Drive, 8LD)
Batting: LHB Nomar Mazara 0-0: Ball
1-0: Called Strike
1-1: Ball
2-1: Ball
3-1: Foul Ball, location: 2F
3-2: Foul Ball, location: 2F
3-2: Ground out U3 (Groundball, 3S)
Top of the 8th over - 0 runs, 0 hits, 0 errors, 0 left on base; Baltimore 2 - Boston 2
BOTTOM OF THE 8TH
Boston Red Sox batting - Pitching for Baltimore Orioles : LHP Adalberto Mejia
Pitching: LHP Justin Wilson
Batting: RHB Yoenis Cespedes 0-0: Called Strike
0-1: Ball
1-1: Called Strike
1-2: SOLO HOME RUN (Flyball, 9D), Distance : 391 ft
Batting: SHB Yangervis Solarte 0-0: Ball
1-0: Foul Ball, location: 2F
1-1: Foul Ball, location: 2F
1-2: Strikes out swinging
Batting: LHB Derek Dietrich 0-0: Swinging Strike
0-1: Ball
1-1: Foul Ball, location: 2F
1-2: SINGLE (Groundball, 6D)
Pitching: RHP Jimmie Sherfy
Batting: RHB Travis d'Arnaud 0-0: Ball
1-0: Foul Ball, location: 2F
1-1: Foul Ball, location: 2F
1-2: Foul Ball, location: 2F
1-2: Ball
2-2: Grounds into double play, 6-4-3 (Groundball, 6)
Bottom of the 8th over - 1 run, 2 hits, 0 errors, 0 left on base; Baltimore 2 - Boston 3
TOP OF THE 9TH
Baltimore Orioles batting - Pitching for Boston Red Sox : RHP Liam Hendriks
Pitching: RHP Edwin Diaz
Batting: SHB Chase Headley 0-0: Foul Ball, location: 2F
0-1: Ball
1-1: Swinging Strike
1-2: Strikes out swinging
Batting: RHB Austin Barnes 0-0: Ball
1-0: Ball
2-0: Called Strike
2-1: Called Strike
2-2: Foul Ball, location: 2F
2-2: Foul Ball, location: 2F
2-2: Foul Ball, location: 2F
2-2: Strikes out swinging
Batting: RHB Orlando Arcia 0-0: Foul Ball, location: 2F
0-1: Called Strike
0-2: Ball
1-2: Ball
2-2: Strikes out swinging
Top of the 9th over - 0 runs, 0 hits, 0 errors, 0 left on base; Baltimore 2 - Boston 3
Tuesday, June 5th, 2018 - OOTP Baseball 19.6 Build 53